 Dungeon Crawl Stone Soup version 0.32-a0-666-ge8a88695a4 (webtiles) character file.

Game seed: 5643665942415322033

7153 cforsyth the Artisan of Death (level 10, -5/93 HPs)
             Began as a Mountain Dwarf Necromancer on Mar 9, 2024.
             Was a Priest of Kikubaaqudgha.
             Slain by a white ugly thing (18 damage)
             ... on level 11 of the Dungeon.
             The game lasted 00:25:09 (14375 turns).

cforsyth the Artisan of Death (MDNe)               Turns: 14375, Time: 00:25:10

Health: -5/93      AC: 13    Str: 14    XL:     10   Next: 86%
Magic:  6/12       EV: 14    Int: 17    God:    Kikubaaqudgha [***...]
Gold:   181        SH:  0    Dex: 10    Spells: 3/12 levels left

rFire   . . .        N - +2 broad axe (flame)
rCold   . . .        (no shield)
rNeg    . . .        g - +0 scale mail
rPois   .            A - +0 helmet
rElec   .            K - +0 cloak
rCorr   .            M - +0 pair of gloves
SInv    +            e - +0 pair of boots
Will    +....        (no amulet) Stlth
                     E - +5 ring of evasion
HPRegen 0.35/turn    v - ring of see invisible
MPRegen 0.13/turn

%: no passive effects
@: animating dead
A: runic magic, artefact enchanting
a: Renounce Religion, Unearth Wretches


You were on level 11 of the Dungeon.
You worshipped Kikubaaqudgha.
Kikubaaqudgha was most pleased with you.
You visited 2 branches of the dungeon, and saw 12 of its levels.
You also visited: Sewer.

You collected 615 gold pieces.
You spent 434 gold pieces at shops.


Innate Abilities, Weirdness & Mutations

Your spellcasting is much less encumbered by armour.
You can use scrolls of enchantment on lesser artefacts.


   Skills:
 + Level 10.0 Fighting
 + Level 8.9 Axes
 + Level 8.2 Armour
 - Level 1.3 Dodging
 - Level 1.4 Stealth
 - Level 1.7 Spellcasting
 + Level 11.0 Necromancy


You had 3 spell levels left.
You knew the following spells:

 Your Spells              Type           Power      Damage    Failure   Level
a - Animate Dead          Necr           38%        N/A       3%          4
n - Dispel Undead         Necr           38%        3d16      3%          4
X - Necrotise             Necr           100%       1d9       1%          1

Your spell library contained the following spells:

 Spells                   Type           Power      Damage    Failure   Level
 Fugue of the Fallen      Necr           38%        N/A       1%          3
 Vampiric Draining        Necr           38%        2d8       1%          3
 Kiss of Death            Conj/Necr      80%        2d11      2%          1
 Cigotuvi's Dreadful Rot  Necr/Alch/Air  26%        N/A       9%          2
 Ensorcelled Hibernation  Hex/Ice        2%         N/A       38%         2
 Lesser Beckoning         Tloc           2%         N/A       38%         2
 Scorch                   Fire           2%         2d5       38%         2
 Dazzling Flash           Conj/Hex       2%         N/A       63%         3
 Gell's Gravitas          Tloc           1%         N/A       63%         3
 Mephitic Cloud           Conj/Alch/Air  1%         N/A       63%         3
 Passwall                 Erth           1%         N/A       63%         3
 Swiftness                Air            1%         N/A       63%         3
 Teleport Other           Tloc           1%         N/A       63%         3
 Curse of Agony           Necr           38%        N/A       9%          5
 Anguish                  Hex/Necr       10%        N/A       28%         4
 Martyr's Knell           Necr/Summ      20%        N/A       28%         4
 Death Channel            Necr           19%        N/A       41%         6
 Flame Wave               Conj/Fire      1%         2d4       95%         4
 Silence                  Hex/Air        0%         N/A       100%        5
 Summon Cactus Giant      Summ           0%         N/A       100%        6

Inventory:

Hand Weapons
 N - a +2 broad axe of flaming (weapon)
Armour
 d - a +0 helmet of see invisible
 e - a +0 pair of boots (worn)
 g - a +0 scale mail (worn)
 A - a +0 helmet (worn)
 K - a +0 cloak (worn)
 M - a +0 pair of gloves (worn)
Jewellery
 v - a ring of see invisible (right hand)
 C - a ring of ice
 E - a +5 ring of evasion (left hand)
 L - a ring of flight
 R - a ring of resist corrosion
Wands
 n - a wand of flame (49)
 p - a wand of warping (5)
 r - a wand of acid (2)
 x - a wand of polymorph (9)
 G - a wand of digging (12)
 J - a wand of charming (3)
Scrolls
 c - a scroll of identify {@r1}
 f - 2 scrolls of vulnerability
 i - 3 scrolls of teleportation {@r2}
 k - a scroll of blinking
 o - a scroll of amnesia {unknown}
 q - 2 scrolls of fog {unknown}
 s - a scroll of butterflies
 t - 2 scrolls of enchant weapon
 w - 2 scrolls of enchant armour {unknown}
 D - a scroll of immolation {unknown}
 I - a scroll of brand weapon {unknown}
Potions
 a - 2 potions of mutation
 b - 3 potions of magic
 h - a potion of heal wounds {@q2}
 j - 3 potions of haste {@q3}
 l - a potion of brilliance
 m - 4 potions of lignification
 u - a potion of ambrosia
 z - a potion of curing {@q1}
 B - 2 potions of enlightenment
 F - a potion of resistance

Dungeon Overview and Level Annotations

Branches:
Dungeon (11/15)            Temple (1/1) D:5            Lair (0/5) D:8
  Sewer (visited)
    Orc: D:9-12

Altars:
Ashenzari
Cheibriados
Dithmenos
Elyvilon
Fedhas
Gozag
Hepliaklqana
Kikubaaqudgha
Makhleb
Nemelex Xobeh
Okawaru
Qazlal
Ru
Sif Muna
Trog
Uskayaw
Vehumet
Wu Jian
Xom
Yredelemnul
Zin
The Shining One

Shops:
D:1 !   D:3 !   D:4 (   D:5 ( D:8

?
............
........$..
##..........
...........
#.........)
#..........
#...u......
#..@.......
#...<......
###########


You could see a white ugly thing.


Message History

You start waiting.
A white ugly thing comes into view.
The white ugly thing struggles to resist.
Casting: Necrotise (safe; 1% risk of failure)
Confirm with . or Enter, or press ? or * to list all spells.
You call upon the dead to rise.
The white ugly thing writhes in agony.
The white ugly thing writhes in agony.
You hit the white ugly thing. You burn the white ugly thing.
The white ugly thing is lightly wounded.
The white ugly thing engulfs you but does no damage.
You hit the white ugly thing but do no damage.
The white ugly thing is lightly wounded.
The white ugly thing barely misses you.
You completely miss the white ugly thing.
The white ugly thing is lightly wounded.
The white ugly thing engulfs you but does no damage.
You hit the white ugly thing. You burn the white ugly thing.
The white ugly thing is moderately wounded.
The white ugly thing engulfs you! The white ugly thing freezes you!!
The white ugly thing barely misses you.
You hit the white ugly thing. You burn the white ugly thing.
The white ugly thing is moderately wounded.
The white ugly thing engulfs you. The white ugly thing freezes you!!
* * * LOW HITPOINT WARNING * * *
The white ugly thing engulfs you!
* * * LOW HITPOINT WARNING * * *
The white ugly thing freezes you!!
You die...
Kikubaaqudgha rasps: You have failed me!
Welcome... death!

Skill      XL: |  1  2  3  4  5  6  7  8  9 10 |
---------------+-------------------------------+-----
Fighting       | 1 2 3 4 5 6 7 8 10 | 10.0
Necromancy     | 5 6 7 9 10 11 | 11.0
Axes           | 3 5 7 8 |  8.9
Armour         | 2 4 6 8 |  8.2
Dodging        | |  1.3
Stealth        | |  1.4
Spellcasting   | |  1.7

Action                     |  1- 3 |  4- 6 |  7- 9 | 10-12 || total
---------------------------+-------+-------+-------+-------++-------
  Melee: Dagger            |    70 |    67 |   412 |       ||   549
         Unarmed           |       |     2 |       |       ||     2
         Broad axe         |       |       |    40 |   106 ||   146
   Cast: Necrotise         |    42 |   125 |   145 |     8 ||   320
         Animate Dead      |       |       |     7 |     3 ||    10
  Evoke: Wand              |       |       |       |     4 ||     4
    Use: Scroll            |       |       |    20 |       ||    20
         Potion            |       |       |     6 |     2 ||     8
   Stab: Distracted        |       |       |     1 |     1 ||     2
 Armour: Robe              |    13 |       |       |       ||    13
         Scale mail        |    48 |   102 |   367 |   101 ||   618
  Dodge: Dodged            |    52 |    65 |   376 |    83 ||   576

Levels and vault maps discovered:
D:1:      lemuel_arrival_tunnels, layout_loops_cross, serial_shops,
          nicolae_shop_waterfront
D:2:      layout_rooms, uniq_robin
D:3:      wad_river_or_something, layout_basic,
          shapermc_ecumenical_altar_mp_urbaneastern, serial_shops, shop,
          minmay_goblin_outpost, uniq_ijyb, uniq_natasha
D:4:      layout_basic, minmay_misc_feat_alley, nicolae_shop_firing_range,
          uniq_sigmund, uniq_duvessa
D:5:      layout_gridville, temple_statues, doesnt_shop_hydraphobe
D:6:      layout_cave_pools, portal_sewer_entry_e
D:7:      layout_rooms, uniq_maurice
D:8:      layout_gridville, david_lair_generic, serial_shops,
          nicolae_shop_tiny_statue_garden, roderic_roman_lattice
D:9:      layout_irregular_city, chequers_temple_overflow_statue_of_worship,
          fiery_altar_vehumet, mainiacjoe_overflow_brackets, uniq_harold
D:10:     layout_loops_ring, grunt_temple_overflow_open
D:11:     minmay_complete_graph, layout_cross, serial_column_ruins,
          column_ruins_hut_pillars, column_ruins_hut, column_ruins_grid_1,
          column_ruins_grid_1, column_ruins_columns_straight,
          column_ruins_open_small, column_ruins_columns_corner,
          nrook_mini_vaults
Temple:   nicolae_temple_bog_church

Notes
Turn   | Place    | Note
-------+----------+-------------------------------------------
     0 | D:1      | cforsyth the Mountain Dwarf Necromancer began the quest for
                  | the Orb.
     0 | D:1      | Reached XP level 1. HP: 14/14 MP: 3/3
   253 | D:1      | Reached skill level 1 in Fighting
   283 | D:1      | Reached XP level 2. HP: 23/23 MP: 2/4
   549 | D:1      | Found Weke's Distillery.
   669 | D:1      | Bought a potion of might for 56 gold pieces
   828 | D:1      | Reached skill level 2 in Fighting
   836 | D:1      | Reached XP level 3. HP: 23/29 MP: 1/5
   916 | D:1      | Reached skill level 5 in Necromancy
  1227 | D:2      | Noticed Robin
  1356 | D:1      | Killed Robin
  1357 | D:1      | Reached XP level 4. HP: 13/37 MP: 6/6
  1609 | D:2      | Reached skill level 3 in Fighting
  2505 | D:3      | Reached XP level 5. HP: 41/45 MP: 4/7
  3005 | D:3      | Noticed Natasha
  3011 | D:3      | Killed Natasha
  3012 | D:3      | Reached skill level 6 in Necromancy
  3109 | D:3      | Noticed Ijyb
  3120 | D:3      | Killed Ijyb
  3121 | D:3      | Reached skill level 4 in Fighting
  3236 | D:3      | Found Johiet's Distillery.
  3244 | D:3      | Bought a potion of heal wounds for 55 gold pieces
  3300 | D:3      | Noticed Natasha
  3315 | D:3      | Killed Natasha
  3423 | D:3      | Found a faded altar of an unknown god.
  3620 | D:3      | Noticed Natasha
  3623 | D:3      | Found a faded altar of an unknown god.
  3631 | D:3      | Killed Natasha
  3632 | D:3      | Reached XP level 6. HP: 48/53 MP: 8/8
  3851 | D:3      | Found Johiet's Distillery.
  4180 | D:4      | Found Julissas's Firing Range.
  4394 | D:4      | Noticed Sigmund
  4418 | D:5      | Entered Level 5 of the Dungeon
  4646 | D:4      | Killed Sigmund
  4647 | D:4      | Reached skill level 5 in Fighting
  4647 | D:4      | Reached skill level 7 in Necromancy
  4866 | D:4      | Noticed Duvessa
  4866 | D:4      | Noticed Dowan
  4866 | D:4      | Found the +7 staff of the Meek {protect, meekguard}
  5071 | D:1      | Bought a potion of enlightenment for 70 gold pieces
  5071 | D:1      | Bought a potion of curing for 42 gold pieces
  5377 | D:5      | Reached XP level 7. HP: 56/61 MP: 4/9
  5452 | D:5      | Found Filong's Hydra Hut.
  5459 | D:5      | Noticed a six-headed hydra
  5490 | D:5      | Found a staircase to the Ecumenical Temple.
  5538 | Temple   | Entered the Ecumenical Temple
  5554 | Temple   | Became a worshipper of Kikubaaqudgha
  5603 | D:5      | Reached skill level 1 in Axes
  5603 | D:5      | Reached skill level 1 in Armour
  5909 | D:5      | Noticed a wraith
  6069 | D:4      | Killed Duvessa
  6070 | D:4      | Reached skill level 6 in Fighting
  6070 | D:4      | Reached skill level 2 in Axes
  6070 | D:4      | Reached skill level 2 in Armour
  6082 | D:4      | Killed Dowan
  6673 | D:6      | Learned a level 4 spell: Animate Dead
  6723 | D:6      | Found a glowing drain.
  6766 | Sewer    | Entered a sewer
  6862 | Sewer    | Reached skill level 3 in Axes
  6862 | Sewer    | Reached XP level 8. HP: 32/71 MP: 5/10
  7099 | Sewer    | Reached skill level 8 in Necromancy
  7155 | Sewer    | Reached * piety under Kikubaaqudgha
  7155 | Sewer    | Received a gift from Kikubaaqudgha
  7247 | Sewer    | Reached skill level 3 in Armour
  7789 | D:6      | Reached skill level 4 in Axes
  8589 | D:7      | Reached skill level 7 in Fighting
  8623 | D:7      | Noticed Maurice
  8820 | D:7      | Reached skill level 4 in Armour
  9284 | D:7      | Maurice stole a ring of resist corrosion
  9285 | D:7      | Maurice stole a staff of death {!a}
  9289 | D:7      | Maurice stole 152 gold
  9290 | D:7      | Maurice stole 13 gold
  9448 | D:7      | Killed Maurice
  9449 | D:7      | Reached skill level 5 in Axes
  9449 | D:7      | Reached skill level 9 in Necromancy
  9449 | D:7      | Reached XP level 9. HP: 57/80 MP: 0/11
  9649 | D:8      | Identified a potion of resistance
  9807 | D:8      | Reached skill level 5 in Armour
 10157 | D:8      | Reached skill level 8 in Fighting
 10157 | D:8      | Reached skill level 6 in Axes
 10327 | D:8      | Noticed an elephant
 10348 | D:8      | Killed an elephant
 10514 | D:8      | Reached skill level 6 in Armour
 10522 | D:8      | Reached ** piety under Kikubaaqudgha
 10649 | D:8      | Found a staircase to the Lair.
 11171 | D:8      | Reached skill level 7 in Axes
 11219 | D:8      | Found Tekliyha's Magic Scroll Boutique.
 11477 | D:5      | Bought a +2 broad axe of flaming for 211 gold pieces
 11588 | D:9      | Found a radiant altar of Vehumet.
 11623 | D:9      | Noticed Harold
 11642 | D:9      | Found a hide-covered altar of Uskayaw.
 11679 | D:8      | Reached skill level 10 in Necromancy
 11679 | D:8      | Reached XP level 10. HP: 21/90 MP: 12/12
 12019 | D:9      | Identified a +0 robe of resistance
 12031 | D:9      | Reached skill level 9 in Fighting
 12040 | D:9      | HP: 9/91 [poisoned by a killer bee]
 12308 | D:9      | Killed Harold
 12309 | D:9      | Reached skill level 7 in Armour
 12340 | D:9      | Reached *** piety under Kikubaaqudgha
 12340 | D:9      | Received a gift from Kikubaaqudgha
 12615 | D:9      | Found a white marble altar of Elyvilon.
 12615 | D:9      | Found a hazy altar of Hepliaklqana.
 12616 | D:9      | Found a broken altar of Ashenzari.
 12882 | D:10     | Entered Level 10 of the Dungeon
 12889 | D:10     | Reached skill level 8 in Axes
 12937 | D:10     | Noticed a boulder beetle
 12955 | D:10     | Killed a boulder beetle
 13311 | D:10     | Found a sparkling altar of Nemelex Xobeh.
 13314 | D:10     | Found a glowing silver altar of Zin.
 13440 | D:10     | Noticed a two-headed ogre
 13445 | D:10     | HP: 6/92 [two-headed ogre/+0 giant club (20)]
 13696 | D:9      | Learned a level 4 spell: Dispel Undead
 13840 | D:10     | Killed a two-headed ogre
 13841 | D:10     | Reached skill level 8 in Armour
 14090 | D:10     | Reached skill level 10 in Fighting
 14194 | D:10     | Reached skill level 11 in Necromancy
 14364 | D:11     | Noticed a white ugly thing
 14375 | D:11     | Slain by a white ugly thing

Vanquished Creatures
  Harold (D:9)
  A boulder beetle (D:10)
  A two-headed ogre (D:10)
  Maurice (D:7)
  Sigmund (D:4)
  A wraith (D:10)
  A shadow (D:10)
  A yak (D:8)
  2 basilisks (D:8)
  A steam dragon (D:8)
  A vampire mosquito (D:10)
  An acid dragon (D:10)
  A water moccasin (D:8)
  Duvessa (D:4)
  3 sky beasts
  A black bear (D:8)
  An orc warrior (D:8)
  An ice beast (D:5)
  2 centaurs
  A phantom (D:4)
  2 brain worms (Sewer)
  3 kobold brigands
  A bullfrog (D:7)
  A scorpion (D:7)
  Dowan (D:4)
  4 killer bees
  3 howler monkeys
  3 bombardier beetles
  6 hounds
  2 jellies
  3 orc priests
  2 sleepcaps
  Ijyb (D:3)
  Natasha (thrice) (D:3)
  10 orc wizards
  Robin (D:1)
  13 adders
  6 gnolls
  6 river rats
  4 white imps
  A ribbon worm (D:3)
  A dart slug (D:1)
  27 orcs
  7 ball pythons
  5 bats
  7 endoplasms
  6 giant cockroaches
  17 goblins
  13 hobgoblins
  4 quokkas
  9 frilled lizards
  17 kobolds
  12 rats
225 creatures vanquished.

Vanquished Creatures (collateral kills)
  An elephant (D:8)
  2 vampire mosquitoes
  2 gnoll sergeants
  A howler monkey (D:9)
  2 gnolls
  An adder (Sewer)
  An orc (D:9)
  An endoplasm (D:1)
  A giant cockroach (D:1)
  3 kobolds (D:9)
  2 ball pythons
  A frilled lizard (Sewer)
18 creatures vanquished.

Vanquished Creatures (others)
  A yak zombie (D:8)
  An orc wizard (D:10)
  3 kobold zombies (D:9)
  A frilled lizard zombie (Sewer)
  17 orc zombies
23 creatures vanquished.

Grand Total: 266 creatures vanquished

Table legend: (Time is in decaauts)
 A = Elapsed time spent in this place.
 B = Non-inter-level travel time spent in this place.
 C = Inter-level travel time spent in this place.
 D = Time resting spent in this place.
 E = Time spent auto-exploring this place.
 F = Levels seen in this place.
 G = Mean time per level.
                   A        B        C        D        E       F      G
               +--------+--------+--------+--------+--------+-----+--------+
         Total |  14497 |  13692 |    805 |   1402 |   9587 |  13 | 1115.2 |
       Dungeon |  13872 |  13098 |    774 |   1402 |   9154 |  11 | 1261.1 |
        Temple |     32 |      1 |     31 |      0 |      0 |   1 |   32.0 |
         Sewer |    592 |    592 |      0 |      0 |    433 |   1 |  592.0 |
               +--------+--------+--------+--------+--------+-----+--------+

Top non-repeatable levels by time:
     D:3: 2134 daAuts
     D:8: 1850 daAuts
     D:1: 1478 daAuts
     D:6: 1432 daAuts
     D:7: 1365 daAuts
     D:9: 1266 daAuts
    D:10: 1231 daAuts
     D:4: 1221 daAuts
     D:5: 1054 daAuts
     D:2: 804 daAuts
   Sewer: 592 daAuts
  Temple: 32 daAuts
    D:11: 31 daAuts

Table legend:
 A = Non-vault XP
 B = Vault XP
 C = Vault XP percentage of total XP
 D = Non-vault monster count
 E = Vault monster count
 F = Vault count percentage of total count
                 A         B        C        D         E       F
            +---------+---------+-------+---------+---------+-------
      Total |    6817 |    3402 |  33.3 |     179 |      65 |  26.6
            +---------+---------+-------+---------+---------+-------
        D:1 |      45 |      21 |  31.8 |      27 |       4 |  12.9
        D:2 |      89 |      14 |  13.6 |      18 |       7 |  28.0
        D:3 |     110 |     113 |  50.7 |      13 |      17 |  56.7
        D:4 |     223 |     434 |  66.1 |      11 |       3 |  21.4
        D:5 |     296 |       0 |   0.0 |       5 |       0 |   0.0
        D:6 |     373 |      58 |  13.5 |      17 |       8 |  32.0
        D:7 |     489 |     532 |  52.1 |       8 |       1 |  11.1
        D:8 |    1336 |    1081 |  44.7 |      26 |       4 |  13.3
        D:9 |    1106 |     871 |  44.1 |      37 |       1 |   2.6
       D:10 |    2750 |       0 |   0.0 |      17 |       0 |   0.0
      Sewer |       0 |     278 | 100.0 |       0 |      20 | 100.0
            +---------+---------+-------+---------+---------+-------
